 Dungeon Crawl Stone Soup version 0.26-a0-252-gb32a1a6195 (webtiles) character file.

Game seed: 16812274032526748441

827 BritishOli the Ducker (level 7, 0/54 HPs)
             Began as a Demonspawn Gladiator on July 9, 2020.
             Was an Initiate of Okawaru.
             Slain by an ice beast (9 damage)
             ... on level 5 of the Dungeon.
             The game lasted 00:06:18 (4541 turns).

BritishOli the Ducker (Demonspawn Gladiator)        Turns: 4541, Time: 00:06:18

Health: 0/54       AC: 13    Str: 17    XL:     7   Next: 64%
Magic:  7/7        EV:  7    Int:  9    God:    Okawaru [......]
Gold:   216        SH:  4    Dex: 14    Spells: 6/6 levels left

rFire    . . .     SeeInvis .   a - +0 long sword
rCold    . . .     Faith    +   (no shield)
rNeg     . . .     Spirit   .   t - +0 plate armour
rPois    .         Reflect  .   (helmet restricted)
rElec    .         Harm     .   x - +0 cloak
rCorr    .                      (no gloves)
MR       .....                  (no boots)
Stlth    ..........             o - amulet of faith
HPRegen  0.18/turn              j - ring of flight
MPRegen  0.10/turn              (no ring)

@: no status effects
A: horns 1, large bone plates 1, powered by death 1, spiny 1
a: Renounce Religion, Evoke Flight


You were on level 5 of the Dungeon.
You worshipped Okawaru.
Okawaru was noncommittal.
You were not hungry.

You visited 2 branches of the dungeon, and saw 6 of its levels.

You collected 216 gold pieces.

Inventory:

Hand Weapons
 a - a +0 long sword (weapon)
Missiles
 d - 3 throwing nets (quivered)
Armour
 t - a +0 plate armour (worn)
 x - a +0 cloak (worn)
Jewellery
 b - an uncursed amulet of the acrobat {unknown}
 j - a ring of flight (left hand)
 o - an amulet of faith (around neck)
Wands
 y - a wand of enslavement (23)
Scrolls
 e - a scroll of immolation {unknown}
 g - 4 scrolls of teleportation
 k - 2 scrolls of fear {unknown}
 q - a scroll of enchant weapon {unknown}
 v - a scroll of enchant armour {unknown}
 w - a scroll of blinking {unknown}
Potions
 c - a potion of stabbing {unknown}
 l - a potion of invisibility {unknown}
 m - 2 potions of haste
 n - 3 potions of lignification
 p - a potion of brilliance {unknown}
 r - a potion of mutation {unknown}
 s - a potion of heal wounds {unknown}
 u - 3 potions of curing
 z - a potion of ambrosia {unknown}
Comestibles
 f - 18 rations


   Skills:
 + Level 4.1 Fighting
 + Level 4.2 Long Blades
 - Level 3.3 Throwing
 * Level 4.1 Armour
 + Level 4.4 Dodging


You had 6 spell levels left.
You didn't know any spells.
Your spell library was empty.

Dungeon Overview and Level Annotations

Branches:
Dungeon (5/15)             Temple (1/1) D:5

Altars:
Ashenzari
Dithmenos
Elyvilon
Fedhas
Gozag
Kikubaaqudgha
Makhleb
Nemelex Xobeh
Okawaru
Ru
Sif Muna
Trog
Vehumet
Wu Jian
Xom
Yredelemnul
Zin
The Shining One

Annotations:
D:5 1 runed translucent door, Crazy Yiuf


Innate Abilities, Weirdness & Mutations

You have a pair of small horns on your head.
You are partially covered in large bone plates. (SH +4)
You regenerate a little health from kills.
You are partially covered in sharp spines.


Message History

The ice beast hits you. The ice beast freezes you!
An ice beast is nearby!
You are too injured to fight recklessly!
An ice beast is nearby!
You are too injured to fight recklessly!
An ice beast is nearby!
An ice beast is nearby!
You are too injured to fight recklessly!
You are too injured to fight recklessly!
You hit the ice beast but do no damage.
The ice beast is severely wounded.
The ice beast is struck by your spines. The ice beast hits you.
The ice beast freezes you!
* * * LOW HITPOINT WARNING * * *
You closely miss the ice beast.
The ice beast is almost dead.
The ice beast hits you.
* * * LOW HITPOINT WARNING * * *
The ice beast freezes you!
You die...

#...(..)..#[#.+....
#####....†#.....#....
#.........###...'....
#...........#####....
#.........#.# #>[..
#.........#.# #....
#.........# # #####
##.........#
#....@.....#
#....Y|....#
#..........#
.............#
.###........##
....[......
.##...####### #.
#...#


You could see an ice beast.

Vanquished Creatures
  A phantom (D:4)
  A centaur (D:5)
  A bullfrog (D:4)
  2 howler monkeys
  2 hounds (D:4)
  An iguana (D:4)
  Ijyb (D:5)
  Natasha (thrice) (D:2)
  2 orc wizards
  3 worker ants
  A hound skeleton (D:5)
  A mummy (D:4)
  A howler monkey zombie (D:5)
  A gnoll (D:1)
  6 adders
  An ufetubus (D:3)
  A worm (D:3)
  3 dart slugs
  A leopard gecko (D:3)
  10 orcs
  3 giant cockroaches
  10 goblins
  6 hobgoblins
  9 jackals
  3 quokkas
  A ball python (D:2)
  12 bats
  3 frilled lizards
  A jackal skeleton (D:2)
  9 kobolds
  A leopard gecko skeleton (D:4)
  9 rats
110 creatures vanquished.

Notes
Turn   | Place    | Note
-------+----------+-------------------------------------------
     0 | D:1      | BritishOli the Demonspawn Gladiator began the quest for the
                  | Orb.
     0 | D:1      | Reached XP level 1. HP: 16/16 MP: 1/1
   122 | D:1      | Gained mutation: You are partially covered in large bone
                  | plates. (SH +4) [demonic ancestry]
   122 | D:1      | Reached XP level 2. HP: 22/22 MP: 2/2
   352 | D:1      | Reached XP level 3. HP: 28/28 MP: 3/3
   679 | D:2      | Reached skill level 1 in Armour
   855 | D:2      | Noticed Natasha
   863 | D:2      | Killed Natasha
   863 | D:2      | Gained mutation: You have a pair of small horns on your
                  | head. [demonic ancestry]
   863 | D:2      | Reached XP level 4. HP: 22/34 MP: 4/4
  1228 | D:2      | Noticed Natasha
  1241 | D:2      | Killed Natasha
  1500 | D:2      | Noticed Natasha
  1506 | D:2      | Killed Natasha
  1506 | D:2      | Gained mutation: You regenerate a little health from kills.
                  | [demonic ancestry]
  1506 | D:2      | Reached XP level 5. HP: 34/40 MP: 5/5
  2013 | D:3      | Found a faded altar of an unknown god.
  2474 | D:3      | Noticed an angel
  2475 | D:3      | Found a glowing silver altar of Zin.
  3040 | D:4      | Gained mutation: You are partially covered in sharp spines.
                  | [demonic ancestry]
  3040 | D:4      | Reached XP level 6. HP: 34/47 MP: 6/6
  3746 | D:4      | Reached XP level 7. HP: 50/52 MP: 7/7
  3879 | D:5      | Entered Level 5 of the Dungeon
  3916 | D:5      | Found a radiant altar of Vehumet.
  3968 | D:5      | Found a staircase to the Ecumenical Temple.
  3975 | Temple   | Entered the Ecumenical Temple
  4122 | Temple   | Became a worshipper of Warmaster Okawaru
  4168 | D:5      | Noticed Ijyb
  4178 | D:5      | Killed Ijyb
  4214 | D:5      | Found a runed translucent door.
  4215 | D:5      | Noticed Crazy Yiuf
  4541 | D:5      | Slain by an ice beast

Illustrated notes

Levels and vault maps discovered:
D:1:      dpeg_arrival_shrine, layout_basic, dk_noncrumbling_4,
          minmay_split_cup_small
D:2:      layout_basic, kennysheep_generic_room_6, uniq_natasha
D:3:      layout_loops_ring, zin_angel, chequers_ecumenical_altar_island
D:4:      layout_gridville, first_ration, gup_ossuary_entry_pyramid,
          minmay_cut_off
D:5:      layout_basic, minmay_temple_entry_arrows,
          ebering_ghost_reflecting_pool, lemuel_tele_altar,
          uniq_crazy_yiuf_cottage, uniq_ijyb
Temple:   nicolae_temple_elliptical

Skill      XL: |  1  2  3  4  5  6  7 |
---------------+----------------------+-----
Throwing       | 2 3 |  3.3
Armour         | 1 2 3 4 |  4.1
Dodging        | 3 4 |  4.4
Long Blades    | 3 4 |  4.2
Fighting       | 3 4 |  4.1

Action                   |  1- 3 |  4- 6 |  7- 9 || total
-------------------------+-------+-------+-------++-------
Melee: Long sword        |    66 |   174 |    56 ||   296
       Headbutt          |       |    33 |    16 ||    49
  Use: Scroll            |       |       |     5 ||     5
  Eat: Ration            |       |     3 |     1 ||     4
Armor: Leather armour    |    18 |     5 |       ||    23
       Plate armour      |       |    89 |    42 ||   131
Dodge: Dodged            |    63 |    70 |    14 ||   147
Block: Other             |     6 |    36 |    14 ||    56
       Rpst.: Long sword |    19 |    18 |     6 ||    43

Table legend:
 A = Non-vault XP
 B = Vault XP
 C = Vault XP percentage of total XP
 D = Non-vault monster count
 E = Vault monster count
 F = Vault count percentage of total count
                 A         B        C        D         E       F
            +---------+---------+-------+---------+---------+-------
      Total |     955 |     227 |  19.2 |     100 |      10 |   9.1
            +---------+---------+-------+---------+---------+-------
        D:1 |      42 |       4 |   8.7 |      17 |       3 |  15.0
        D:2 |     141 |      36 |  20.3 |      24 |       2 |   7.7
        D:3 |      75 |       0 |   0.0 |      30 |       0 |   0.0
        D:4 |     359 |     152 |  29.7 |      13 |       4 |  23.5
        D:5 |     338 |      35 |   9.4 |      16 |       1 |   5.9
            +---------+---------+-------+---------+---------+-------
